 Dungeon Crawl Stone Soup version 0.31-a0-435-g2c6fae2916 (webtiles) character file.

Game seed: 8215778625898787532

125 floatRand the Cudgeller (level 5, -1/81 HPs)
             Began as an Ogre Cinder Acolyte on Aug 1, 2023.
             Was a High Priest of Ignis.
             Slain by Duvessa
             ... wielding a +2 short sword of protection
              (5 damage)
             ... on level 4 of the Dungeon.
             The game lasted 00:03:39 (3245 turns).

floatRand the Cudgeller (Ogre Cinder Acolyte)       Turns: 3245, Time: 00:03:39

Health: -1/81      AC: 22    Str: 18    XL:     5   Next: 9%
Magic:  3/7        EV:  1    Int: 17    God:    Ignis [*****.]
Gold:   64         SH:  0    Dex:  4    Spells: 5/7 levels left

rFire   + . .        a - -1 mace (flame)
rCold   . . .        (no shield)
rNeg    . . .        b - melded +1 robe
rPois   +            (helmet currently unavailable)
rElec   .            j - melded scarf {harm}
rCorr   .            (gloves unavailable)
SInv    .            (boots unavailable)
Will    .....        (no amulet)
Stlth   +            q - ring of flight
HPRegen 0.33/turn    p - ring of poison resistance
MPRegen 0.10/turn

%: no passive effects
@: tree-form, weak-willed
A: stationary, stasis, torment immunity, boosted hp, large, unfitting armour,
(tough skin 1)
a: Renounce Religion, Fiery Armour, Foxfire Swarm, Rising Flame


You were on level 4 of the Dungeon.
You worshipped Ignis.
Ignis was extremely pleased with you.
You were a tree.
You visited 1 branch of the dungeon, and saw 4 of its levels.

You collected 64 gold pieces.

Inventory:

Hand Weapons
 a - a -1 mace of flaming (weapon)
Armour
 b - a +1 robe (melded)
 j - a scarf of harm (melded)
 u - a +0 kite shield
Jewellery
 d - a +6 ring of dexterity
 p - a ring of poison resistance (right branch)
 q - a ring of flight (left branch)
Scrolls
 e - a scroll of noise
 h - a scroll of identify
 m - a scroll of fog
Potions
 c - a potion of invisibility {unknown}
 f - 2 potions of brilliance {unknown}
 i - a potion of curing
 n - 4 potions of resistance {unknown}
 s - a potion of berserk rage {unknown}


   Skills:
 - Level 4.0 Fighting
 * Level 4.3 Maces & Flails
 + Level 1.7 Spellcasting
 + Level 3.5 Fire Magic


You had 5 spell levels left.
You knew the following spells:

 Your Spells              Type           Power      Damage    Failure   Level
a - Scorch                Fire           26%        2d6       7%          2

Your spell library contained the following spells:

 Spells                   Type           Power      Damage    Failure   Level


Dungeon Overview and Level Annotations

Branches:
Dungeon (4/15)
 Temple: D:4-7

Altars:
Trog

Annotations:
D:4 Dowan, Duvessa


Innate Abilities, Weirdness & Mutations

You are a tree.
Your roots penetrate the ground, keeping you stationary.
You cannot be teleported.
You are immune to unholy pain and torment.
Your maximum health is greatly increased.
Your equipment is partially melded.
You are too large for most types of armour.
((You have tough skin. (AC +1)))


Message History

Duvessa hits you but does no damage.
Dowan gestures wildly while chanting.
Dowan blinks!
You closely miss Duvessa.
Duvessa is moderately wounded.
Duvessa hits you but does no damage. Dowan casts a spell at you.
The puff of flame hits you but does no damage.
You barely miss Duvessa.
Duvessa is moderately wounded.
Duvessa hits you but does no damage. Dowan hits you but does no damage.
Duvessa hits you but does no damage.
You barely miss Duvessa.
Duvessa is moderately wounded.
Duvessa hits you but does no damage. Dowan hits you but does no damage.
You hit Duvessa but do no damage.
Duvessa is moderately wounded.
Duvessa hits you but does no damage.
Dowan mumbles some strange words.
Dowan blinks!
You hit Duvessa but do no damage.
Duvessa is moderately wounded.
Duvessa hits you but does no damage.
You hit Duvessa. You burn Duvessa.
Duvessa is moderately wounded.
Duvessa hits you with a +2 short sword of protection.
* * * LOW HITPOINT WARNING * * *
You hit Duvessa but do no damage.
Duvessa is moderately wounded.
Duvessa hits you but does no damage. Dowan hits you but does no damage.
A ball python comes into view.
Dowan gestures at you while chanting. The puff of flame hits you. You resist.
* * * LOW HITPOINT WARNING * * *
Duvessa completely misses you.
You barely miss Duvessa.
Duvessa is moderately wounded.
The ball python hisses angrily.
Duvessa hits you with a +2 short sword of protection.
You die...

##.#....###..# #.#
.....##......# #.# ##########
##.####.#.##e# #.#####....†..<#
##.# #.#.##.###.#.....######.#
...# #.#.##.##....##########.#
...# #e#........§§§..........#
##.####.####.##..[§##########.#
.†.e...#.# #.###e#§# #..[...#
##.####.## .#. #♣#§# #.####.#
#... ....# #...e.# #.# #.#
##### ####.#S##.#.# #.# #.# #.
#.#.#####.####.# #.
#.#......#.....#
#.###.#.#####.###### #.<...#.#
#.# #.#.....# #.# ...#.#####
..#


You could see Duvessa (weak-willed), Dowan and a ball python.

Vanquished Creatures
  5 adders
  A shadow imp (D:4)
  2 dart slugs
  An orc (D:3)
  3 endoplasms
  A giant cockroach (D:4)
  3 goblins
  12 hobgoblins
  6 jackals
  5 quokkas
  4 ball pythons
  3 bats
  4 frilled lizards
  6 kobolds
  9 rats
65 creatures vanquished.

Notes
Turn   | Place    | Note
-------+----------+-------------------------------------------
     0 | D:1      | floatRand the Ogre Cinder Acolyte began the quest for the
                  | Orb.
     0 | D:1      | Reached XP level 1. HP: 24/24 MP: 2/2
   109 | D:1      | Reached XP level 2. HP: 32/32 MP: 3/3
   192 | D:1      | Learned a level 2 spell: Scorch
   582 | D:1      | Reached XP level 3. HP: 36/39 MP: 4/4
  1630 | D:2      | Identified the +1 leather armour of Rationality {Will+
                  | Regen+}
  1729 | D:2      | Reached XP level 4. HP: 48/48 MP: 2/5
  2384 | D:3      | Found a bloodstained altar of Trog.
  3118 | D:4      | Reached XP level 5. HP: 45/54 MP: 1/7
  3198 | D:4      | Noticed Duvessa
  3227 | D:4      | Identified a scroll of acquirement
  3227 | D:4      | Acquired the +1 hat "Ynujielu" {rN+ Will+ Str+3 Dex+2}
  3233 | D:4      | Noticed Dowan
  3244 | D:4      | HP: 4/81 [Dowan/puff of flame (3)]
  3245 | D:4      | Slain by Duvessa

Illustrated notes

Levels and vault maps discovered:
D:1:      psy_arrival_whirlpool, layout_basic, st_stairs_12, minmay_circled_x
D:2:      layout_basic
D:3:      layout_basic, lightli_temple_of_fire
D:4:      layout_loops_ring, mainiacjoe_overflow_boulevard,
          grunt_qazlal_sundering, uniq_duvessa

Skill      XL: |  1  2  3  4 |
---------------+-------------+-----
Maces & Flails | 3 4 |  4.3
Fire Magic     | 3 |  3.5
Fighting       | |  4.0
Spellcasting   | |  1.7

Action                     |  1- 3 |  4- 6 || total
---------------------------+-------+-------++-------
  Melee: Mace              |    86 |    24 ||   110
   Cast: Scorch            |    22 |    24 ||    46
    Use: Scroll            |       |     8 ||     8
         Potion            |       |     3 ||     3
 Armour: Robe              |    34 |     7 ||    41
         Skin              |       |    13 ||    13
  Dodge: Dodged            |    70 |    14 ||    84

Table legend: (Time is in decaauts)
 A = Elapsed time spent in this place.
 B = Non-inter-level travel time spent in this place.
 C = Inter-level travel time spent in this place.
 D = Time resting spent in this place.
 E = Time spent auto-exploring this place.
 F = Levels seen in this place.
 G = Mean time per level.
                   A        B        C        D        E       F      G
               +--------+--------+--------+--------+--------+-----+--------+
         Total |   3267 |   3203 |     64 |     78 |   2566 |   4 |  816.8 |
       Dungeon |   3267 |   3203 |     64 |     78 |   2566 |   4 |  816.8 |
               +--------+--------+--------+--------+--------+-----+--------+

Top non-repeatable levels by time:
     D:2: 1271 daAuts
     D:1: 942 daAuts
     D:3: 836 daAuts
     D:4: 216 daAuts
